 Dungeon Sprint DCSS version 0.21.0-37-g46506fa (webtiles) character file.

119 sanboga the Skirmisher (level 5, -1/37 HPs)
             Began as a Gargoyle Berserker on Jan 31, 2018.
             Was a Follower of Trog.
             Slain by an ufetubus (3 damage)
             ... summoned by a neqoxec
             ... in the Dungeon (Sprint II: "The Violet Keep of Menkaure").
             The game lasted 00:00:24 (29 turns).

sanboga the Skirmisher (Gargoyle Berserker)           Turns: 29, Time: 00:00:24

Health: -1/37      AC:  5    Str: 22      XL:     5   Next: 3%
Magic:  5/5        EV: 12    Int:  1 (7)  God:    Trog [*.....]
Gold:   0          SH:  0    Dex:  7      Spells: 4/4 levels left

rFire    . . .     SeeInvis .   a - +0 hand axe
rCold    . . .     Gourm    .   (no shield)
rNeg     + . .     Faith    .   b - +0 animal skin
rPois    ∞         Spirit   .   (no helmet)
rElec    +         Reflect  .   (no cloak)
rCorr    .         Harm     .   (no gloves)
MR       .....     NoTele   +   (no boots)
Stlth    +.........             (no amulet)
HPRegen  0.12/turn              (no ring)
MPRegen  0.09/turn              (no ring)

@: berserk cooldown, slowed, very slow
A: blurry vision 1, clumsy 1, deformed body, negative energy resistance 1,
electricity resistance, unbreathing, petrification resistance, rot immunity,
subdued magic 1, AC +4
a: Berserk, Burn Spellbooks, Renounce Religion


You were in the Dungeon.
You worshipped Trog.
Trog was aware of your devotion.
You were not hungry.

You visited 1 branch

Inventory:

Hand Weapons
 a - a +0 hand axe (weapon)
Armour
 b - a +0 animal skin (worn)
Scrolls
 i - a scroll of blinking
Potions
 d - a potion of curing
 e - a potion of heal wounds
 f - a potion of haste
 g - 2 potions of magic
 h - a potion of berserk rage
Comestibles
 c - a ration


   Skills:
 + Level 6.8 Fighting
 + Level 5.6 Axes
 + Level 6.3 Armour
 - Level 1.5 Dodging


You had 4 spell levels left.
You didn't know any spells.

Dungeon Overview and Level Annotations

Branches:
Dungeon (1/1)

Altars:


Innate Abilities, Weirdness & Mutations

You are resistant to torment.
Your stone body is resilient. (AC +4)
You are immune to poison.
You resist negative energy. (rN+)
You are resistant to electric shocks. (rElec)
You can survive without breathing.
You are immune to petrification.
You are immune to rotting.
Scrolls take you a little longer to read.
You are clumsy. (Dex -2)
Armour fits poorly on your strangely shaped body.
Your spells are a little easier to cast, but a little less powerful.


Message History

The ufetubus barely misses you.
The ufetubus hits you but does no damage.
The neqoxec gestures at you.
Strange energies course through your body.
You feel clumsy. The iron imp hits you!
* * * LOW HITPOINT WARNING * * *
The ufetubus barely misses you.
The ufetubus hits you but does no damage.
You hit the neqoxec.
The neqoxec is heavily wounded.
You hit the ufetubus. You hit the iron imp. The ufetubus barely misses you.
The ufetubus hits you.
* * * LOW HITPOINT WARNING * * *
The neqoxec gestures at you.
You feel dopey. Something feeds on your intellect!
The neqoxec completely misses you.
The white imp shouts, "Embrace thy failure, thou surly bat-fowling jarkman!"
The ufetubus hits you.
You die...

# #. #+#
#5##5##
#33@5.+
#53##.##
#5 #+# #


You could see 3 neqoxecs, 2 iron imps, a quasit, a white imp and an ufetubus.

Vanquished Creatures
  A neqoxec (D)
1 creature vanquished.

Vanquished Creatures (others)
  Menkaure (D)
  A crocodile (D)
2 creatures vanquished.

Grand Total: 3 creatures vanquished

Notes
Turn   | Place    | Note
-------+----------+-------------------------------------------
     0 | D        | sanboga the Gargoyle Berserker began the quest for the Orb.
     0 | D        | Reached XP level 1. HP: 14/14 MP: 1/1
     1 | D        | Noticed a neqoxec
     1 | D        | Noticed a neqoxec
     1 | D        | Noticed a neqoxec
     1 | D        | Noticed a neqoxec
     5 | D        | Noticed an iron imp
     5 | D        | Noticed a quasit
     7 | D        | Noticed a quasit
    10 | D        | Killed a crocodile
    17 | D        | Noticed an iron imp
    18 | D        | Gained mutation: Scrolls take you a little longer to read. [a neqoxec]
    20 | D        | Killed a neqoxec
    20 | D        | Reached skill level 5 in Axes
    20 | D        | Reached XP level 2. HP: 13/23 MP: 2/2
    20 | D        | Reached XP level 3. HP: 16/28 MP: 3/3
    20 | D        | Reached XP level 4. HP: 18/32 MP: 4/4
    20 | D        | Reached XP level 5. HP: 21/37 MP: 5/5
    21 | D        | Killed Menkaure
    24 | D        | Gained mutation: Armour fits poorly on your strangely shaped body. [a neqoxec]
    27 | D        | Gained mutation: Your spells are a little easier to cast, but a little less powerful. [a neqoxec]
    28 | D        | Gained mutation: You are clumsy. (Dex -2) [a neqoxec]
    29 | D        | Slain by an ufetubus

Skill      XL: |  1 |
---------------+----+-----
Fighting       | 6 |  6.8
Axes           | 5 |  5.6
Armour         | 6 |  6.3
Dodging        | |  1.5

Action                   |  1- 3 |  4- 6 || total
-------------------------+-------+-------++-------
Melee: Hand axe          |    18 |     9 ||    27
Invok: Berserk           |     1 |       ||     1
Armor: Animal skin       |     3 |     5 ||     8
Dodge: Dodged            |     7 |    15 ||    22
